 Dungeon Crawl Stone Soup version 0.32-a0-913-g739538afd8 (webtiles) character file.

Game seed: 16642063337099656865

373 MackTheKnife the Cleaver (level 6, -1/51 HPs)
             Began as a Mountain Dwarf Chaos Knight on Apr 7, 2024.
             Was a Plaything of Xom.
             Slain by an orc priest
             ... wielding a +0 flail
              (3 damage)
             ... on level 4 of the Dungeon.
             The game lasted 00:04:42 (2215 turns).

MackTheKnife the Cleaver (MDCK)                     Turns: 2215, Time: 00:04:42

Health: -1/51      AC:  6    Str: 15    XL:     6   Next: 43%
Magic:  6/6        EV: 10    Int: 12    God:    Xom [..*...]
Gold:   133        SH:  0    Dex: 11    Spells: 5/5 levels left

rFire   . . .        a - +0 hand axe (chaos) {axe}
rCold   . . .        (no shield)
rNeg    + . .        b - +2 leather armour
rPois   .            j - +0 helmet
rElec   .            (no cloak)
rCorr   .            (no gloves)
SInv    .            (no boots)
Will    .....        (no amulet)
Stlth   +            g - ring of positive energy
HPRegen 0.28/turn    (no ring)
MPRegen 0.10/turn

%: no passive effects
@: no status effects
A: runic magic, artefact enchanting
a: Renounce Religion


You were on level 4 of the Dungeon.
You worshipped Xom.
You were a toy of Xom.
You visited 1 branch of the dungeon, and saw 4 of its levels.

You collected 133 gold pieces.


Innate Abilities, Weirdness & Mutations

Your spellcasting is much less encumbered by armour.
You can use scrolls of enchantment on lesser artefacts.


   Skills:
 - Level 3.2 Fighting
 + Level 8.8 Axes
 - Level 2.1 Armour
 - Level 0.6 Dodging


You had 5 spell levels left.
You didn't know any spells.
Your spell library contained the following spells:

 Spells                   Type           Power      Damage    Failure   Level
 Blink                    Tloc           0%         N/A       45%         2
 Lesser Beckoning         Tloc           0%         N/A       45%         2
 Momentum Strike          Conj/Tloc      0%         3d8       45%         2
 Passwall                 Erth           0%         N/A       71%         3
 Volatile Blastmotes      Fire/Tloc      0%         2d10      71%         3
 Vhi's Electric Charge    Tloc/Air       0%         N/A       98%         4
 Bombard                  Conj/Erth      0%         9d1       100%        6

Inventory:

Hand Weapons
 a - a +0 hand axe of chaos (weapon) {axe}
Missiles
 f - 6 curare-tipped darts (quivered) {=fthrowing}
Armour
 b - a +2 leather armour (worn)
 j - a +0 helmet (worn)
   (You took it off Robin on level 3 of the Dungeon)
Jewellery
 g - a ring of positive energy (left hand)
   (You found it on level 2 of the Dungeon)
Wands
 l - a wand of flame (3)
   (You found it on level 3 of the Dungeon)
Scrolls
 c - 2 scrolls of butterflies
 e - a scroll of teleportation {@r4}
 i - a scroll of identify {@r1}
 m - a scroll of poison {!r}
Potions
 d - a potion of brilliance
 h - a potion of resistance
 k - 2 potions of mutation {!q}
 n - a potion of degeneration {unknown}
 o - a potion of haste {unknown}
 p - a potion of might {unknown}

Dungeon Overview and Level Annotations

Branches:
Dungeon (4/15) Zot: 21788
 Temple: D:4-7

Altars:

Annotations:
D:3 Grinder
D:4 3 runed translucent doors, qborf's ghost, amateur TrSh

##...'.......#
###+######..#..#####
#.....#.###.#.#######
#..)..#..####(.......
+...).)...###.#.#####
#....†#....##.#.#
#.....#.....#.# #
###'####....#.#
#..(@.###...'.#
##.))o.###..#.#
##.....###.#.#
##.....####.#
##.....# #.# ##+###
... ... ...


You could see an orc priest (fast, strong, confused, very drained).


Message History

You hit the sleepcap.
You feel better.
The sleepcap completely misses you. 😕 HP[+2]
You regained 2 hp, and now have 48/51 hp.
You hit the sleepcap but do no damage. 😕 HP[+1]
You slash the sleepcap!
You destroy the sleepcap!
No target in view!
No target in view!
There is an open door, spattered with blood here.
Things that are here:
a +0 short sword {short}; a +0 leather armour; an orc corpse You see here a +0 morningstar {mace}. 😕 HP[+1]
n - a metallic silvery potion;
o - a sedimented orange potion
p - a fuming white potion 😎 HP[+1]
Your hp is fully restored (51).
You open the door.
A hobgoblin, 2 orcs and an orc priest come into view.
The orc shouts!
There is an open door here.
The orc hits you with a +0 short sword. The orc hits you with a +0 war axe.
The orc priest hits you but does no damage. 😕 HP[-4]
You take 4 damage, and now have 47/51 hp.
You hit the orc priest but do no damage.
You hit the orc but do no damage. You barely miss the orc.
The orc hits you with a +0 war axe! The orc hits you with a +0 short sword.
The orc priest mumbles some strange prayers to Beogh against you.
You are unaffected. 😮 HP[-12]
You take 12 damage, and now have 35/51 hp.
MASSIVE DAMAGE!! (PAUSE) Unknown command.
You closely miss the orc priest. You hit the orc.
The orc convulses.
You kill the orc!
You closely miss the orc.
You hear the brisk hiss of an avalanche of sand nearby.
The orc completely misses you.
The orc priest miscasts a cantrip. 😮 HP[+1]
You hit the orc priest. You freeze the orc priest. You hit the hobgoblin.
You burn the hobgoblin. You hit the orc but do no damage.
The orc is poisoned.
The orc hits you but does no damage.
The orc priest hits you with a +0 flail!
The hobgoblin hits you. 😮 HP[-10]
You take 10 damage, and now have 26/51 hp.
Unknown command.
You hit the orc priest but do no damage.
You hit the hobgoblin but do no damage. You hit the orc but do no damage.
The orc looks as sick as possible!
The orc priest calls upon Beogh to heal the orc.
The orc's wounds heal themselves!
The orc hits you with a +0 war axe.
* * * LOW HITPOINT WARNING * * *
The hobgoblin misses you.
Unknown command. 😨 HP[-5]
You take 5 damage, and now have 21/51 hp.
You hit the orc priest but do no damage.
The orc priest seems to grow stronger.
You hit the hobgoblin but do no damage. You closely miss the orc.
The orc hits you with a +0 war axe.
* * * LOW HITPOINT WARNING * * *
The hobgoblin barely misses you.
The orc priest hits you with a +0 flail.
* * * LOW HITPOINT WARNING * * *
Unknown command. 😨 HP[-8]
You take 8 damage, and now have 13/51 hp.
Unknown command.
You hit the orc priest but do no damage.
You completely miss the hobgoblin.
You barely miss the orc. 😨 HP[+1] Unknown command.
You hit the orc priest but do no damage.
You drain the orc priest. You closely miss the hobgoblin. You hit the orc.
You kill the orc!
The orc priest hits you with a +0 flail.
* * * LOW HITPOINT WARNING * * *
The hobgoblin barely misses you. 😱 HP[-6]
You take 6 damage, and now have 8/51 hp.
Unknown command.
You hit the orc priest but do no damage.
You hit the hobgoblin.
You kill the hobgoblin!
The orc priest looks satisfied for a moment.
Unknown command.
You hit the orc priest but do no damage.
The orc priest appears confused.
The orc priest hits you with a +0 flail!
* * * LOW HITPOINT WARNING * * *
😱 HP[-7]
You take 7 damage, and now have 1/51 hp.
You hit the orc priest but do no damage.
The orc priest seems to speed up.
Xom thinks this is hilarious!
The orc priest hits you with a +0 flail.
You die...

Skill      XL: |  1  2  3  4  5 |
---------------+----------------+-----
Axes           | 4 5 6 7 8 |  8.8
Fighting       | |  3.2
Armour         | |  2.1
Dodging        | |  0.6

Action                     |  1- 3 |  4- 6 || total
---------------------------+-------+-------++-------
  Melee: Hand axe          |   118 |   105 ||   223
  Throw: Dart              |     1 |       ||     1
  Evoke: Wand              |       |    10 ||    10
    Use: Scroll            |     2 |     4 ||     6
 Armour: Leather armour    |    72 |    69 ||   141
  Dodge: Dodged            |    62 |    45 ||   107

Levels and vault maps discovered:
D:1:      amcnicky_arrival_choice, layout_basic
D:2:      layout_rooms, hellmonk_ecumenical_altar_dog_temple, eino_tiny_chamber
D:3:      gammafunk_steamed_eel, layout_basic, mainiacjoe_overflow_big_doors,
          kennysheep_orc_chapel, uniq_grinder, uniq_jessica, uniq_robin
D:4:      minmay_angry_zag, layout_loops_ring,
          mainiacjoe_ossuary_entry_find_the_door, gammafunk_ghost_split,
          minmay_quadrilaterals

Notes
Turn   | Place    | Note
-------+----------+-------------------------------------------
     0 | D:1      | MackTheKnife the Mountain Dwarf Chaos Knight began the
                  | quest for the Orb.
     0 | D:1      | Reached XP level 1. HP: 19/19 MP: 1/1
     0 | D:1      | magus.rc [v1.9.6]
    46 | D:1      | You pick up a book of Spatial Translocations and begin
                  | reading...
    46 | D:1      | You add the spells Blink, Momentum Strike and Lesser
                  | Beckoning to your library.
    85 | D:1      | Reached skill level 4 in Axes
   127 | D:1      | Reached XP level 2. HP: 26/26 MP: 2/2
   448 | D:1      | Reached skill level 5 in Axes
   588 | D:1      | XOM is BORED!
   756 | D:2      | Reached XP level 3. HP: 29/31 MP: 3/3
   763 | D:2      | Found a faded altar of an unknown god.
   765 | D:2      | You pick up a book of Movement and begin reading...
   765 | D:2      | You add the spells Passwall, Volatile Blastmotes, Vhi's
                  | Electric Charge and Bombard to your library.
   960 | D:3      | Found a transporter.
  1054 | D:3      | Noticed Robin
  1161 | D:3      | Killed Robin
  1162 | D:3      | Reached skill level 6 in Axes
  1162 | D:3      | Reached XP level 4. HP: 29/38 MP: 4/4
  1315 | D:3      | Noticed an ice beast
  1320 | D:3      | Found a transporter.
  1351 | D:3      | HP: 8/38 [electric eel/bolt of electricity (11)]
  1353 | D:3      | Reached skill level 7 in Axes
  1353 | D:3      | Reached XP level 5. HP: 10/45 MP: 5/5
  1575 | D:3      | XOM: silly message
  1593 | D:3      | XOM: divination: detect items
  1670 | D:3      | XOM: enchant monster (bad)
  1695 | D:3      | HP: 7/45 [ice beast (12)]
  1702 | D:3      | XOM: noise
  1850 | D:3      | Noticed Jessica
  1853 | D:3      | Noticed Grinder
  1854 | D:3      | Killed Jessica
  1855 | D:3      | Reached skill level 8 in Axes
  1971 | D:4      | Found a runed translucent gate.
  1971 | D:4      | Found a runed translucent gate.
  1971 | D:4      | Found a runed translucent gate.
  1973 | D:4      | Noticed qborf's ghost (amateur TrSh)
  1994 | D:4      | Reached XP level 6. HP: 51/51 MP: 6/6
  2212 | D:4      | HP: 8/51 [orc priest/+0 flail (6)]
  2214 | D:4      | HP: 1/51 [orc priest/+0 flail (7)]
  2215 | D:4      | Slain by an orc priest

Vanquished Creatures
  4 electric eels (D:3)
  A hound (D:4)
  A sleepcap (D:4)
  Jessica (D:3)
  Robin (D:3)
  4 adders
  A dart slug (D:1)
  2 ribbon worms
  7 orcs (D:4)
  3 ball pythons
  4 endoplasms
  8 giant cockroaches
  10 goblins
  16 hobgoblins
  6 jackals
  2 quokkas
  2 bats (D:1)
  A frilled lizard (D:3)
  3 kobolds
  3 rats
80 creatures vanquished.

Table legend:
 A = Non-vault XP
 B = Vault XP
 C = Vault XP percentage of total XP
 D = Non-vault monster count
 E = Vault monster count
 F = Vault count percentage of total count
                 A         B        C        D         E       F
            +---------+---------+-------+---------+---------+-------
      Total |     208 |     325 |  61.0 |      53 |      27 |  33.8
            +---------+---------+-------+---------+---------+-------
        D:1 |      35 |       0 |   0.0 |      18 |       0 |   0.0
        D:2 |      12 |       4 |  25.0 |       6 |       2 |  25.0
        D:3 |      36 |     283 |  88.7 |      13 |      18 |  58.1
        D:4 |     125 |      38 |  23.3 |      16 |       7 |  30.4
            +---------+---------+-------+---------+---------+-------

Skill      XL: |  1  2  3  4  5 |
---------------+----------------+-----
Axes           | 4 5 6 7 8 |  8.8
Fighting       | |  3.2
Armour         | |  2.1
Dodging        | |  0.6

Action                     |  1- 3 |  4- 6 || total
---------------------------+-------+-------++-------
  Melee: Hand axe          |   118 |   105 ||   223
  Throw: Dart              |     1 |       ||     1
  Evoke: Wand              |       |    10 ||    10
    Use: Scroll            |     2 |     4 ||     6
 Armour: Leather armour    |    72 |    69 ||   141
  Dodge: Dodged            |    62 |    45 ||   107

Illustrated notes

Table legend:
 A = Kills in this place as a percentage of kills in the entire game.
 B = Kills by you in this place as a percentage of kills by you in the entire game.
 C = Kills by friends in this place as a percentage of kills by friends in the entire game.
 D = Other kills in this place as a percentage of other kills in the entire game.
 E = Experience gained in this place as a percentage of experience gained in the entire game.
 F = Experience gained in this place divided by the number of levels of this place that you have seen.
                   A       B       C       D       E      F
               +-------+-------+-------+-------+-------+----------------------
         Total | 100.0 | 100.0 |   N/A | 100.0 | 100.0 | 133.2
       Dungeon | 100.0 | 100.0 |   N/A | 100.0 | 100.0 | 133.2
               +-------+-------+-------+-------+-------+----------------------

Table legend: (Time is in decaauts)
 A = Elapsed time spent in this place.
 B = Non-inter-level travel time spent in this place.
 C = Inter-level travel time spent in this place.
 D = Time resting spent in this place.
 E = Time spent auto-exploring this place.
 F = Levels seen in this place.
 G = Mean time per level.
                   A        B        C        D        E       F      G
               +--------+--------+--------+--------+--------+-----+--------+
         Total |   2210 |   2133 |     77 |    465 |   1048 |   4 |  552.5 |
       Dungeon |   2210 |   2133 |     77 |    465 |   1048 |   4 |  552.5 |
               +--------+--------+--------+--------+--------+-----+--------+

Top non-repeatable levels by time:
     D:3: 907 daAuts
     D:1: 615 daAuts
     D:2: 378 daAuts
     D:4: 309 daAuts
